Hoshi, lawful female human Samurai ---------------- |..............| |..............| |..............| ---------------- ------.-----|--- |..............| ####### #. |..............-######################### ## |.........<....| ###### # # |...............##### # ### # ---------------- # ### ### # ### # #### # ### # #### ###------.- -|--.-# # #.....e>| |....|)## ------|------- |.@q.q.-% |....-# # #-............| |..q...| |....| ####|............| -------- ------ ## |.....{......| ####[............| -------------- Hoshi the Ronin Experience level: 4 Strength: 16 Dexterity: 16 Constitution: 18 Intelligence: 11 Wisdom: 8 Charisma: 6 Health: 0(51) Energy: 6(6) Def: 7 Gold: 1350 Moves: 3349 Dungeon seed: iEa1RsBVCcZTlObV Game ID: Hoshi_1622137085 Your Inventory: Coins $ - 1350 gold pieces Weapons b - an uncursed +0 wakizashi (weapon in hand) c - an uncursed +0 yumi d - 41 uncursed +0 ya (in quiver) i - an uncursed +0 orcish dagger l - an uncursed +0 nunchaku t - an uncursed +0 crossbow C - an uncursed +0 aklys Armor e - an uncursed rustproof +0 splint mail (being worn) q - an uncursed +0 orcish helm (being worn) r - an uncursed +0 orcish helm z - an uncursed +0 scale mail Scrolls v - an uncursed scroll of teleportation w - a blessed scroll of light F - an uncursed scroll of identify Potions k - an uncursed potion of fruit juice m - an uncursed potion of object detection B - an uncursed potion of full healing Tools f - an uncursed oil lamp (0:1216) j - an uncursed saddle u - an uncursed skeleton key Gems n - 2 uncursed worthless pieces of red glass y - an uncursed worthless piece of black glass N - an uncursed worthless piece of violet glass Spells and supernatural/magical abilities: Name Level Category Cost Memory U - detect unseen 3 divination 3000pw 99% W - pray for help -- divine ? -- Your skills at the end: Fighting Skills martial arts [Basic] wands [Basic] Weapon Skills short sword [Basic] long sword [Basic] bow [Basic] Spellcasting Skills Final Attributes: You were piously aligned. You were slow. You were lucky. You last prayed 617 turns ago. Amaterasu Omikami was noncommittal. You are dead. Vanquished creatures: a rock piercer a fog cloud 2 gnome lords a kobold lord a rothe 2 giant bats a monkey 3 orc zombies 4 coyotes 2 manes 2 large kobolds a hobgoblin 5 giant rats a brown mold a green mold a red mold 6 geckos 6 jackals 3 foxes a kobold 2 goblins 2 sewer rats 12 grid bugs 2 bats 3 lichens 14 newts 80 creatures vanquished. Voluntary challenges: You used a wielded weapon 55 times, starting on turn 216. You read items or engraved 8 times, starting on turn 2377. You never genocided any monsters. You never polymorphed an object. You never changed form. You used no wishes. You never split a pudding. You never wrote Elbereth's name. You never violated your personal moral code. Dungeon overview: The Dungeons of Doom: levels 1 to 6 Level 1 a fountain, a sink, a vault a long staircase Level 2 an altar to Amaterasu Omikami stairs to The Gnomish Mines Level 3 a fountain Level 4 some fountains Level 5 Level 6 <- You were here a fountain The Gnomish Mines: Level 3 stairs to The Dungeons of Doom History has recorded: On T:1 you entered the Dungeons of Doom to retrieve the Amulet of Yendor! On T:330 you reached level 2 of The Dungeons of Doom. On T:620 you advanced to experience level 2. On T:845 you reached level 1 of The Gnomish Mines. On T:896 you reached level 3 of The Dungeons of Doom. On T:926 you advanced to experience level 3. On T:1369 you reached level 4 of The Dungeons of Doom. On T:1436 you reached level 5 of The Dungeons of Doom. On T:2398 you advanced to experience level 4. On T:2918 you reached level 6 of The Dungeons of Doom. Score breakdown: Gold: 1350 (10649 points) Experience: 4 levels ( 9649 points) Exploration: 6 levels ( 12.24%) ( 9682 points) Discoveries: 2 items ( 0.80%) ( 2683 points) Valuables value: (no points given unless you survive) Artifact value: 0 ( 0 points) Variety of kills: 26 monsters ( 6.84%) ( 7847 points) Turncount: 3349 turns ( -762 points) Survival: died (score multiplied by 80%) Total score: 31798 Latest messages: The rothe hits! The rothe bites! (2x) You slow down under the floating eye's gaze. The rothe hits! The rothe bites! The rothe misses. [2 turns] (2x) The rothe misses. The rothe bites! (2x) [2 turns] You hear some noises in the distance. The rothe hits! The rothe bites! The rothe misses. [3 turns] A bear trap closes on your foot! You hear some noises in the distance. [2 turns] You are caught in a bear trap. The rothe hits! The rothe bites! You die... Final status: Sayonara Hoshi the Samurai, killed by a rothe... You died in The Dungeons of Doom on dungeon level 6 with 31798 points, and 1350 pieces of gold, after 3349 moves. You were level 4 with a maximum of 51 hit points when you died.